[Event "IND-ch Women 2019"]
[Site "Karaikkudi"]
[Date "2019.07.20"]
[Round "2.6"]
[White "Sanskriti Goyal"]
[Black "Gomes, Mary Ann"]
[Result "1/2-1/2"]
[ECO "A25"]
[WhiteElo "1948"]
[BlackElo "2303"]
[Annotator "NA"]
[PlyCount "114"]
[EventDate "2019.07.19"]
[EventType "swiss"]
[EventCountry "IND"]
[SourceTitle "playchess.com"]
[Source "ChessBase"]
[SourceQuality "1"]
[TimeControl "40/5400+30:1800+30"]

1. b3 e5 2. Bb2 Nc6 3. c4 g6 4. Nc3 Bg7 5. g3 d6 6. Bg2 f5 7. e3 Nf6 8. Nge2 O-O 9. O-O g5 {[%emt 0:00:41] A25: English Opening vs King's Indian with ...Nc6 but without early d3} (9... e4 10. d3 exd3 11. Qxd3 Be6 12. Rad1 Bf7 13. Qd2 g5 14. Nd4 Nxd4 15. exd4 f4 16. Bxb7 Rb8 17. Bg2 {0-1 (60) Lai,H (2557)-Fier,A (2493) Amsterdam 2017}) 10. f4 gxf4 11. gxf4 e4 12. d3 $146 ({Predecessor:} 12. d4 Nb4 13. Qd2 Nd3 14. Ba3 c5 15. Na4 Qe7 16. Nb2 Nxb2 17. Bxb2 Be6 18. d5 Bf7 19. Ng3 Bg6 20. Bh3 Nh5 21. Bxg7 {½-½ (21) Cvetkovic,S (2425)-Marinkovic,S (2415) Nis 1995}) 12... Qe8 (12... Ng4 $14) 13. Ng3 Ng4 14. Qd2 Nxe3 $1 15. Rfe1 ({Much worse is} 15. Qxe3 Bd4 $17) 15... Nxg2 16. Kxg2 Qg6 17. dxe4 fxe4 18. Nd5 $1 Bxb2 19. Qxb2 Bf5 20. Kf2 ({White should play} 20. Re3 $16) 20... Qh6 (20... Be6 $1 $11 {remains equal.} 21. Rxe4 Bxd5 22. cxd5 Rae8 23. Rxe8 Qxe8) 21. Rg1 Bg6 ({Wrong is} 21... Qxh2+ $2 22. Rg2 $18) 22. Ke1 {[%emt 0:08:03] [#]} Rxf4 (22... e3 $1 $17 23. f5 (23. Nxc7 $2 Rxf4 24. Nd5 Rf2 $19 {[%mdl 64] Double Attack}) (23. Nxe3 Rae8) 23... Ne5) 23. Nxf4 Qxf4 24. Qg7+ Kxg7 25. Nh5+ Kh6 26. Nxf4 Nd4 $1 27. Rg2 Rf8 28. Nxg6 hxg6 29. Kd2 Rf3 30. Rag1 Kh7 31. Rg3 c5 32. Ke1 Rf4 33. R1g2 g5 34. Rxg5 Nf3+ 35. Ke2 Nxg5 36. Rxg5 Rh4 37. Ke3 Rxh2 38. Kxe4 Rxa2 39. Rd5 Ra6 40. Kf5 Rb6 41. Rd3 Kg7 42. Ke6 a5 $11 43. Kd7 Rb4 44. Kxd6 b6 45. Kc7 Kf7 46. Rd7+ Ke6 47. Rd6+ Ke5 48. Rxb6 a4 49. bxa4 Rxa4 50. Rb1 Rxc4 51. Kc6 Rc2 52. Rd1 Ke4 53. Kb5 c4 54. Kb4 c3 55. Kb3 Rd2 56. Rxd2 cxd2 57. Kc2 Kd4 1/2-1/2

[Event "IND-ch Women 2019"]
[Site "Karaikkudi"]
[Date "2019.07.20"]
[Round "2.7"]
[White "Nandhini, Saripalli"]
[Black "Pratyusha, Bodda"]
[Result "1-0"]
[ECO "C54"]
[WhiteElo "1933"]
[BlackElo "2265"]
[Annotator "NA"]
[PlyCount "106"]
[EventDate "2019.07.19"]
[EventType "swiss"]
[EventCountry "IND"]
[SourceTitle "playchess.com"]
[Source "ChessBase"]
[SourceQuality "1"]
[TimeControl "40/5400+30:1800+30"]

1. e4 e5 2. Nf3 Nc6 3. Bc4 Bc5 4. c3 Nf6 5. d4 exd4 6. e5 d5 7. Bb5 Ne4 8. cxd4 Bb6 9. Nc3 O-O 10. Be3 {[%emt 0:01:02] C54: Giuoco Piano: 4 c3 Nf6, main lines with 5 d4 and 5 d3} Bg4 (10... Ba5 11. Qb3 Bxc3+ 12. bxc3 Na5 13. Qb4 b6 14. O-O Bf5 15. Rfc1 Rc8 16. Ba6 Rb8 17. Bd3 Re8 {½-½ (32) Karjakin,S (2753)-Topalov,V (2740) Shamkir 2019}) 11. h3 Bh5 12. Qc2 Bg6 13. Qb3 Ne7 14. Nh4 c6 15. Nxg6 hxg6 16. Bd3 Nf5 17. Bxe4 dxe4 18. O-O-O $1 $146 Nxd4 19. Qc4 c5 20. Nxe4 Qe7 21. f4 Rfd8 22. Kb1 Qe6 23. Qxe6 Nxe6 24. h4 c4 25. Bxb6 $16 {[%emt 0:02:11] and life is bright.} (25. Bd4 $2 ) 25... axb6 26. g3 Nd4 27. Rd2 Nf3 28. Rd6 Rxd6 29. Nxd6 b5 30. Rd1 ({Resist} 30. Nxb7 $6 Nd2+ 31. Kc2 Ne4 $14) 30... Rd8 31. Kc2 Nh2 (31... b4 $142 32. Nxc4 Nd4+ 33. Kb1 f6 34. exf6 gxf6) 32. Nxb5 Rxd1 33. Kxd1 Nf1 34. Nd6 Nxg3 35. Nxb7 Nh5 36. a4 Nxf4 37. Nc5 Nd5 38. a5 f6 39. e6 Kf8 40. a6 Ke7 41. a7 Nb6 42. Kd2 g5 43. hxg5 fxg5 44. Ke3 g6 $18 45. Ke4 g4 46. Kf4 Na8 47. Kxg4 Kf6 48. Kf4 Nc7 49. Ke4 g5 50. Na6 Na8 51. Kd5 Ke7 52. Nc5 g4 53. Ke4 Nc7 1-0

[Event "IND-ch Women 2019"]
[Site "Karaikkudi"]
[Date "2019.07.20"]
[Round "2.8"]
[White "Nandhidhaa, P V"]
[Black "Toshali, V."]
[Result "1-0"]
[ECO "A07"]
[WhiteElo "2259"]
[BlackElo "1920"]
[Annotator "ChessBase"]
[PlyCount "83"]
[EventDate "2019.07.19"]
[EventType "swiss"]
[EventCountry "IND"]
[SourceTitle "playchess.com"]
[Source "ChessBase"]
[SourceQuality "1"]
[TimeControl "40/5400+30:1800+30"]

1. Nf3 d5 2. g3 c6 3. Bg2 Nf6 4. O-O Bf5 5. d3 e6 6. Nh4 Bg4 7. h3 Bh5 8. Qe1 Be7 9. f4 Nfd7 10. Nf3 Bxf3 11. Bxf3 d4 12. e3 Bf6 13. Nd2 dxe3 14. Ne4 Bd4 15. Kh2 Nf6 16. c3 Bb6 17. Nxf6+ Qxf6 18. d4 O-O 19. Bxe3 Nd7 20. Qf2 Qg6 21. Rae1 Nf6 22. g4 Bc7 23. Bd1 Nd5 24. Bd2 Qh6 25. Kg2 Qg6 26. c4 Nf6 27. Bc1 Qd3 28. b3 Ba5 29. Re5 Ne4 30. Qe3 Qxe3 31. Bxe3 Nd2 32. Rxa5 Nxf1 33. Kxf1 Rfd8 34. Bf3 f6 35. f5 exf5 36. Rxf5 Re8 37. Kf2 a6 38. d5 Rac8 39. dxc6 bxc6 40. Rc5 Kf8 41. Rxc6 Rxc6 42. Bxc6 1-0

[Event "IND-ch Women 2019"]
[Site "Karaikkudi"]
[Date "2019.07.20"]
[Round "2.9"]
[White "Meghna, C H"]
[Black "Vantika Agrawal"]
[Result "0-1"]
[ECO "B06"]
[WhiteElo "1903"]
[BlackElo "2243"]
[Annotator "ChessBase"]
[PlyCount "66"]
[EventDate "2019.07.19"]
[EventType "swiss"]
[EventCountry "IND"]
[SourceTitle "playchess.com"]
[Source "ChessBase"]
[SourceQuality "1"]
[TimeControl "40/5400+30:1800+30"]

1. e4 g6 2. d4 Bg7 3. Nc3 d6 4. Be3 a6 5. a4 b6 6. Bc4 e6 7. Nf3 Bb7 8. O-O Ne7 9. Re1 h6 10. Qe2 Nd7 11. Rad1 O-O 12. Nd2 d5 13. exd5 Nxd5 14. Nxd5 exd5 15. Ba2 c5 16. Nf1 c4 17. c3 Bc6 18. Qc2 Nf6 19. Ra1 b5 20. a5 Qd6 21. Qc1 Kh7 22. Bb1 Rae8 23. f3 b4 24. Bc2 b3 25. Bd1 Qd8 26. Ng3 Re7 27. Be2 Rfe8 28. Bf4 Re6 29. h4 Nh5 30. Nxh5 Rxe2 31. Rxe2 Rxe2 32. Nxg7 Qxh4 33. Be5 Qf2+ 0-1

[Event "IND-ch Women 2019"]
[Site "Karaikkudi"]
[Date "2019.07.20"]
[Round "2.10"]
[White "Mahalakshmi D M"]
[Black "Dhyana Patel"]
[Result "1/2-1/2"]
[ECO "D85"]
[WhiteElo "2227"]
[BlackElo "1900"]
[Annotator "NA"]
[PlyCount "184"]
[EventDate "2019.07.19"]
[EventType "swiss"]
[EventCountry "IND"]
[SourceTitle "playchess.com"]
[Source "ChessBase"]
[SourceQuality "1"]
[TimeControl "40/5400+30:1800+30"]

1. d4 Nf6 2. c4 g6 3. Nc3 d5 4. cxd5 Nxd5 5. e4 Nxc3 6. bxc3 Bg7 7. Bb5+ c6 8. Ba4 O-O 9. Ne2 c5 10. O-O cxd4 11. cxd4 Bd7 {[%emt 0:01:48] D85: Exchange Grünfeld: Unusual White 7th moves and lines with 7 Nf3} (11... b6 12. Be3 Bb7 13. d5 Nd7 14. Rc1 Rc8 15. Qb3 Ne5 16. h3 Ba6 17. Rxc8 Qxc8 18. Rc1 Qb7 19. Bb5 {½-½ (47) Eljanov,P (2732)-Durarbayli,V (2584) Shamkir 2014}) 12. Rb1 b6 13. d5 $146 ({Predecessor:} 13. Bb3 e6 14. Ba3 Re8 15. Re1 Bb5 16. Ba4 Bxa4 17. Qxa4 Qd7 18. Qxd7 Nxd7 19. e5 {0-1 (38) Stan,A (1879)-Padurean,D (2017) Calimanesti 2018}) 13... Na6 14. Ba3 Rc8 15. Nd4 Rc3 16. Bb2 Rc8 17. Bc6 Nc5 18. Re1 e6 19. h3 Re8 20. Bxd7 Qxd7 21. dxe6 Nxe6 22. Nb5 Qxb5 23. Bxg7 Qg5 24. Ba1 Red8 25. Qf3 Qf4 26. Qxf4 Nxf4 27. Bf6 Re8 28. Rbd1 Rc4 29. g3 Nh5 30. Ba1 Ng7 31. Rd4 Rc2 32. a4 Ne6 33. Rd7 a6 34. Rb7 Rc6 35. Rb1 Rec8 36. Bf6 b5 37. axb5 axb5 38. R7xb5 Nc5 $16 39. Rc1 Rxf6 40. Rbxc5 Rxc5 41. Rxc5 h5 42. Kg2 Kg7 43. g4 hxg4 44. hxg4 Rb6 45. g5 Rb3 46. f3 Kf8 47. Kg3 Ke7 48. Kg4 Ra3 49. Rc7+ Ke6 50. Rc4 Ra1 51. Rc6+ Ke7 52. f4 Ra4 53. Kf3 Ra3+ 54. Ke2 Rb3 55. Rc2 Rh3 56. Rd2 Ke6 57. Rd3 Rh1 58. Rc3 Ra1 59. Rb3 Rc1 60. Rb6+ Ke7 61. Ke3 Rf1 62. Ra6 Kd7 63. Rf6 Ke7 64. Kd4 Ra1 65. Rc6 Ra4+ 66. Kd5 Kd7 67. Rc5 Ra6 68. f5 gxf5 69. exf5 Ra1 70. Ke5 Ke7 71. Rc7+ Kf8 72. Rd7 Ra5+ 73. Rd5 Ra7 74. f6 Kg8 75. Kf5 Kh7 76. Re5 Ra1 77. g6+ fxg6+ 78. Ke6 Kg8 79. Rd5 Re1+ 80. Re5 Rxe5+ 81. Kxe5 Kf7 82. Kf4 Kxf6 83. Kg4 g5 84. Kg3 Kf5 85. Kf3 g4+ 86. Kg3 Kg5 87. Kg2 Kf4 88. Kf2 g3+ 89. Kg2 Kg4 90. Kg1 Kf3 91. Kf1 g2+ 92. Kg1 Kg3 1/2-1/2

[Event "IND-ch Women 2019"]
[Site "Karaikkudi"]
[Date "2019.07.20"]
[Round "2.11"]
[White "Pandey Srishti"]
[Black "Michelle Catherina, P."]
[Result "0-1"]
[ECO "C47"]
[WhiteElo "1882"]
[BlackElo "2226"]
[Annotator "ChessBase"]
[PlyCount "62"]
[EventDate "2019.07.19"]
[EventType "swiss"]
[EventCountry "IND"]
[SourceTitle "playchess.com"]
[Source "ChessBase"]
[SourceQuality "1"]
[TimeControl "40/5400+30:1800+30"]

1. e4 e5 2. Nf3 Nc6 3. Nc3 Nf6 4. a3 d5 5. exd5 Nxd5 6. Bb5 Nxc3 7. bxc3 Bd6 8. d4 exd4 9. Qe2+ Kf8 10. cxd4 Bg4 11. c3 Qf6 12. Bxc6 bxc6 13. Ne5 Bxe2 14. Nd7+ Ke7 15. Nxf6 Bd3 16. Ng4 f6 17. Ne3 Kd7 18. Kd2 Bg6 19. a4 Rab8 20. h4 h5 21. Rg1 c5 22. dxc5 Bxc5 23. g4 Rh7 24. Ke1 Kc6 25. gxh5 Bd3 26. Ng2 Rxh5 27. Nf4 Re5+ 28. Be3 Bc4 29. Rg3 Rb2 30. h5 Re4 31. Rd1 Rxf4 0-1

[Event "IND-ch Women 2019"]
[Site "Karaikkudi"]
[Date "2019.07.20"]
[Round "2.13"]
[White "Shetye, Siddhali"]
[Black "Priyanka, Kumari"]
[Result "1/2-1/2"]
[ECO "B07"]
[WhiteElo "1837"]
[BlackElo "1991"]
[Annotator "NA"]
[PlyCount "63"]
[EventDate "2019.07.19"]
[EventType "swiss"]
[EventCountry "IND"]
[SourceTitle "playchess.com"]
[Source "ChessBase"]
[SourceQuality "1"]
[TimeControl "40/5400+30:1800+30"]

1. d4 Nf6 2. g3 g6 3. Bg2 Bg7 4. e4 d6 5. Nc3 O-O 6. Nge2 e5 7. O-O c6 8. a4 Nbd7 9. h3 Re8 10. Be3 Qc7 11. a5 exd4 12. Bxd4 Nc5 13. e5 Rxe5 14. Bxe5 dxe5 15. Qd2 $11 Be6 16. Rfd1 Na6 17. Kh2 h5 18. Ne4 Nxe4 19. Bxe4 f5 20. Bg2 Bf6 21. Qh6 Kf7 22. h4 Rh8 23. Qd2 Rd8 24. Qe3 Rxd1 25. Rxd1 c5 26. Nc3 e4 27. Nb5 Qxa5 28. Nd6+ Kg7 29. Ne8+ Kf7 30. Nd6+ Kg7 31. Ne8+ Kf7 32. Nd6+ 1/2-1/2

[Event "IND-ch Women 2019"]
[Site "Karaikkudi"]
[Date "2019.07.20"]
[Round "2.14"]
[White "Sunyuktha C M N"]
[Black "Sharma Isha"]
[Result "1-0"]
[ECO "B07"]
[WhiteElo "1815"]
[BlackElo "2188"]
[Annotator "ChessBase"]
[PlyCount "65"]
[EventDate "2019.07.19"]
[EventType "swiss"]
[EventCountry "IND"]
[SourceTitle "playchess.com"]
[Source "ChessBase"]
[SourceQuality "1"]
[TimeControl "40/5400+30:1800+30"]

1. e4 d6 2. d4 Nf6 3. Nc3 e5 4. Bc4 exd4 5. Qxd4 Nc6 6. Bb5 Bd7 7. Bxc6 bxc6 8. Bg5 Be7 9. Nf3 O-O 10. O-O h6 11. Bh4 g5 12. Bg3 Nh5 13. Qd3 Rb8 14. Rab1 Bf6 15. Nd4 Bh8 16. Nde2 f5 17. Qc4+ Kh7 18. exf5 Rxf5 19. Qd3 Kg8 20. Nd1 Qf6 21. Ne3 Ra5 22. f4 g4 23. f5 Nxg3 24. Nxg3 Rb4 25. a3 Rd4 26. Qb3+ Qf7 27. Qb8+ Qe8 28. Qxe8+ Bxe8 29. c3 Rda4 30. Rbe1 Kf8 31. f6 Rb5 32. Nef5 Rxb2 33. f7 1-0

[Event "IND-ch Women 2019"]
[Site "Karaikkudi"]
[Date "2019.07.20"]
[Round "2.15"]
[White "Singh, Neha"]
[Black "Meenakshi Subbaraman"]
[Result "0-1"]
[ECO "B01"]
[WhiteElo "1809"]
[BlackElo "2163"]
[Annotator "NA"]
[PlyCount "86"]
[EventDate "2019.07.19"]
[EventType "swiss"]
[EventCountry "IND"]
[SourceTitle "playchess.com"]
[Source "ChessBase"]
[SourceQuality "1"]
[TimeControl "40/5400+30:1800+30"]

1. e4 d5 2. exd5 Qxd5 3. Nc3 Qd8 4. d4 Nf6 5. Nf3 g6 6. g3 Bg7 7. Bg2 Bg4 8. Qd3 Bxf3 9. Bxf3 c6 10. Bd2 Nbd7 11. O-O-O O-O 12. h4 e5 13. d5 e4 14. Nxe4 Ne5 15. Qe2 Nxf3 16. Qxf3 Nxe4 17. Qxe4 cxd5 18. Qb4 a5 19. Qb5 d4 20. h5 a4 21. hxg6 ({Much worse is} 21. Qxb7 Rb8 $17) 21... fxg6 $11 22. Qc4+ Rf7 23. Be3 Qc8 24. Qxc8+ Rxc8 25. Bxd4 Bxd4 26. Rxd4 Rxf2 27. Rd2 Rxd2 28. Kxd2 Kg7 29. Rh4 a3 30. bxa3 Rc7 31. c4 Kf6 32. Kc3 g5 33. Rd4 h5 34. Kb4 Rh7 35. Kc5 h4 36. gxh4 gxh4 37. Rd1 Ke5 38. a4 Rh6 39. a5 h3 40. Rh1 Ke4 41. a6 bxa6 42. a4 h2 43. Kb4 Ke5 0-1

[Event "IND-ch Women 2019"]
[Site "Karaikkudi"]
[Date "2019.07.20"]
[Round "2.16"]
[White "Parnali, S Dharia"]
[Black "Sunyasakta, Satpathy"]
[Result "0-1"]
[ECO "E09"]
[WhiteElo "2145"]
[BlackElo "1801"]
[Annotator "ChessBase"]
[PlyCount "76"]
[EventDate "2019.07.19"]
[EventType "swiss"]
[EventCountry "IND"]
[SourceTitle "playchess.com"]
[Source "ChessBase"]
[SourceQuality "1"]
[TimeControl "40/5400+30:1800+30"]

1. d4 d5 2. c4 e6 3. Nf3 Nf6 4. g3 c6 5. Bg2 Nbd7 6. Qc2 Be7 7. Nbd2 O-O 8. O-O b6 9. Rd1 Ba6 10. b3 Rc8 11. Bb2 c5 12. Rac1 b5 13. Qb1 bxc4 14. bxc4 Rb8 15. Qa1 Qb6 16. Ba3 Qa5 17. Bb2 Qb6 18. Bc3 dxc4 19. Ne5 Nxe5 20. dxe5 Nd5 21. Ne4 Nxc3 22. Qxc3 Rfd8 23. Bf3 Rd4 24. Qa3 Kf8 25. Kg2 Bb5 26. Nc3 a6 27. Rb1 Qc7 28. e3 Rxd1 29. Rxd1 Qxe5 30. Qa5 Be8 31. Ne2 Rb2 32. Qxa6 c3 33. Qc4 c2 34. Rc1 Bb5 35. Qf4 Qxf4 36. Nxf4 g5 37. Ne2 Bd3 38. Nc3 Rb1 0-1

[Event "IND-ch Women 2019"]
[Site "Karaikkudi"]
[Date "2019.07.20"]
[Round "2.17"]
[White "Smaraki, Mohanty"]
[Black "Jain Nityata"]
[Result "0-1"]
[ECO "D85"]
[WhiteElo "1773"]
[BlackElo "2135"]
[Annotator "ChessBase"]
[PlyCount "92"]
[EventDate "2019.07.19"]
[EventType "swiss"]
[EventCountry "IND"]
[SourceTitle "playchess.com"]
[Source "ChessBase"]
[SourceQuality "1"]
[TimeControl "40/5400+30:1800+30"]

1. c4 Nf6 2. Nc3 d5 3. cxd5 Nxd5 4. d4 g6 5. e4 Nxc3 6. bxc3 Bg7 7. Bb2 c5 8. d5 O-O 9. Nf3 Nd7 10. Bb5 a6 11. Bxd7 Bxd7 12. O-O Qa5 13. Qc2 Ba4 14. Qc1 b5 15. c4 Rfc8 16. Bxg7 Kxg7 17. Nd2 Qc7 18. f4 Kg8 19. Rf3 Qd8 20. Rh3 Qf8 21. Nf3 Qg7 22. f5 bxc4 23. e5 Rab8 24. fxg6 hxg6 25. Qxc4 Bb5 26. Qc3 Bd7 27. Rg3 Rb4 28. Re1 Bf5 29. Nd2 Rd4 30. Rf1 Bd7 31. e6 fxe6 32. Qc2 Be8 33. dxe6 Rc6 34. Nf3 Rf4 35. Re1 c4 36. Qd2 Rf6 37. Qd8 Qf8 38. Ng5 c3 39. Rc1 c2 40. Rf3 Rxf3 41. Nxf3 Rd6 42. Qxd6 exd6 43. Rxc2 Qf5 44. Re2 d5 45. e7 d4 46. Nxd4 Qd3 0-1

[Event "IND-ch Women 2019"]
[Site "Karaikkudi"]
[Date "2019.07.20"]
[Round "2.18"]
[White "Thipsay, Bagyashree Sathe"]
[Black "Sheena, E.."]
[Result "1-0"]
[ECO "C02"]
[WhiteElo "2093"]
[BlackElo "1763"]
[Annotator "NA"]
[PlyCount "97"]
[EventDate "2019.07.19"]
[EventType "swiss"]
[EventCountry "IND"]
[SourceTitle "playchess.com"]
[Source "ChessBase"]
[SourceQuality "1"]
[TimeControl "40/5400+30:1800+30"]

1. e4 e6 2. d4 d5 3. e5 c5 4. c3 Nc6 5. Nf3 g6 (5... Qb6 6. a3 c4 7. Nbd2 Na5 8. g3 Bd7 9. h4 Ne7 10. Bh3 h6 11. O-O O-O-O 12. h5 Kb8 13. Nh4 Rg8 14. Ng2 Qc7 15. Re1 Nc8 16. Rb1 Nb6 17. Nf1 Be7 {½-½ (57) Vachier Lagrave,M (2773)-Vallejo Pons,F (2693) Karlsruhe/Baden Baden 2019}) 6. Bd3 {[%emt 0:00:00] C02: French: Advance Variation} c4 $146 ({Predecessor:} 6... Bg7 7. h4 h5 8. O-O Nge7 9. Re1 Qc7 10. Bg5 Bd7 11. Qd2 Nf5 12. Bxf5 gxf5 {1-0 (22) Kalegin,E (2418)-Kraidman,Y (2254) Bregenz 2018}) 7. Bc2 Bg7 8. O-O Nge7 9. Bg5 h6 10. Be3 Nf5 11. Nbd2 g5 ({Black should try} 11... b5 $11) 12. g4 Nfe7 13. Kg2 ({White should try} 13. Re1 $16) 13... Bd7 14. Rh1 Ng6 (14... f5 $11 {keeps the balance.}) 15. Nf1 (15. Bxg6 $16 fxg6 16. Qc2) 15... Nh4+ (15... Nf4+ $1 $11 16. Bxf4 gxf4) 16. Nxh4 gxh4 17. h3 Qe7 18. Nd2 O-O-O 19. b3 (19. f4 $16) 19... Na5 (19... f6 $142) 20. f4 f6 21. Nf3 fxe5 22. dxe5 Nc6 23. b4 (23. bxc4 $18 dxc4 24. Qe2) 23... Qf7 24. Rf1 Rdg8 25. Nxh4 Bf8 26. Kh2 Be7 27. Ng2 Qg7 28. Qd2 h5 29. g5 $18 h4 30. Bd1 Rh7 31. Bd4 Qf8 32. Bg4 Qd8 33. Ne1 Rf7 34. Nf3 Rgf8 35. Be3 Rh8 36. b5 Nb8 37. Nd4 Bxg5 38. fxg5 Rxf1 39. Rxf1 Qc7 40. Nxe6 Qxe5+ 41. Bf4 Qe4 42. Re1 Qd3 43. Qxd3 cxd3 44. Nc5 Bxg4 45. hxg4 Nd7 46. Nxd3 Nb6 47. Re7 Nc4 48. Rc7+ Kd8 49. Rxb7 1-0

[Event "IND-ch Women 2019"]
[Site "Karaikkudi"]
[Date "2019.07.20"]
[Round "2.19"]
[White "Varshini, V."]
[Black "Shah, Vishwa"]
[Result "1/2-1/2"]
[ECO "C90"]
[WhiteElo "2087"]
[BlackElo "1734"]
[Annotator "NA"]
[PlyCount "87"]
[EventDate "2019.07.19"]
[EventType "swiss"]
[EventCountry "IND"]
[SourceTitle "playchess.com"]
[Source "ChessBase"]
[SourceQuality "1"]
[TimeControl "40/5400+30:1800+30"]

1. e4 e5 2. Nf3 Nc6 3. Bb5 a6 4. Ba4 Nf6 5. O-O Be7 6. Re1 b5 7. Bb3 d6 8. c3 O-O 9. d3 Na5 10. Bc2 c5 11. Nbd2 Nc6 12. Nf1 Re8 13. Ng3 Be6 14. h3 h6 15. d4 cxd4 16. cxd4 exd4 17. Nxd4 Nxd4 18. Qxd4 Qc7 (18... Rc8 $5 19. Re2 Nd7 $11) 19. Bb3 Bxb3 20. axb3 {[%emt 0:00:47] [#]} d5 $1 21. exd5 Bc5 22. Rxe8+ $1 Rxe8 23. Bf4 Bxd4 (23... Qb6 $5 24. Qd2 $8 Rd8 $11) 24. Bxc7 Nxd5 25. Bd6 Bxb2 26. Rxa6 Re1+ 27. Kh2 Be5 $11 28. Ra8+ Kh7 29. Bxe5 Rxe5 30. Rb8 Nf4 31. Rd8 Ne6 32. Rd3 Nc5 33. Rc3 b4 34. Rc4 Nxb3 35. Rxb4 Nc5 36. f4 Re8 37. Rc4 Ne6 38. f5 Nf8 39. Rg4 g6 40. Ne4 Re5 41. fxg6+ fxg6 42. Ng3 h5 43. Re4 Rxe4 44. Nxe4 1/2-1/2

[Event "IND-ch Women 2019"]
[Site "Karaikkudi"]
[Date "2019.07.20"]
[Round "2.20"]
[White "Harshita Guddanti"]
[Black "Boramanikar Tanisha S"]
[Result "1-0"]
[ECO "B33"]
[WhiteElo "2078"]
[BlackElo "1720"]
[Annotator "NA"]
[PlyCount "69"]
[EventDate "2019.07.19"]
[EventType "swiss"]
[EventCountry "IND"]
[SourceTitle "playchess.com"]
[Source "ChessBase"]
[SourceQuality "1"]
[TimeControl "40/5400+30:1800+30"]

1. e4 c5 2. Nf3 Nc6 3. d4 cxd4 4. Nxd4 Nf6 5. Nc3 e5 6. Ndb5 d6 7. Bg5 a6 8. Na3 b5 9. Bxf6 gxf6 10. Nd5 Be6 11. c3 Bg7 12. Bd3 f5 13. Nxb5 {[%emt 0:01:07] B33: Sicilian: Pelikan and Sveshnikov Variations} Bxd5 (13... axb5 $11 14. Bxb5 Rc8) 14. exd5 Ne7 15. Na3 O-O 16. O-O e4 17. Bc2 (17. Be2 Ng6 18. Qc2 Qg5 19. Nc4 Rad8 20. Kh1 {1-0 (77) Oleksienko,M (2582)-Lenic,L (2657) Slovenia 2018}) 17... Qc7 $146 ({Predecessor:} 17... Qb6 18. Qc1 Nxd5 19. Rd1 Qc5 20. Bb3 Ne7 {1-0 (31) Pichot,A (2552)-Pavlov,S (2485) Moscow 2018}) 18. Qd2 Rfb8 19. Bb3 a5 20. Rfe1 Ng6 21. Bc4 Be5 22. Bf1 Bf4 23. Qc2 Ne5 24. Nb5 Qe7 (24... Qd8 $11 {keeps the balance.}) 25. Be2 Qh4 26. g3 $16 {[%emt 0:02:56] Double Attack} Qh3 27. Nd4 Bh6 28. b3 Kh8 29. Bf1 Qh5 30. Qd1 Qg6 31. Bh3 Nd3 32. Bxf5 Qf6 33. Rxe4 Nc5 34. Rh4 Rg8 35. Qh5 1-0

[Event "IND-ch Women 2019"]
[Site "Karaikkudi"]
[Date "2019.07.20"]
[Round "2.21"]
[White "ThamaraiSelvi, P."]
[Black "Mrudul Dehankar"]
[Result "1/2-1/2"]
[ECO "E11"]
[WhiteElo "1752"]
[BlackElo "2074"]
[Annotator "NA"]
[PlyCount "69"]
[EventDate "2019.07.19"]
[EventType "swiss"]
[EventCountry "IND"]
[SourceTitle "playchess.com"]
[Source "ChessBase"]
[SourceQuality "1"]
[TimeControl "40/5400+30:1800+30"]

1. d4 Nf6 2. c4 e6 3. Nf3 Bb4+ 4. Bd2 c5 5. a3 Bxd2+ 6. Nbxd2 {[%emt 0:00:54] E11: Bogo-Indian} (6. Qxd2 cxd4 7. Nxd4 O-O 8. Nc3 d5 9. e3 dxc4 10. Bxc4 Bd7 11. O-O Nc6 12. Rfd1 Nxd4 13. Qxd4 Bc6 14. Qxd8 {½-½ (14) Stupak,K (2535)-Moiseenko,A (2663) Gjakova 2016}) 6... cxd4 7. Nxd4 Nc6 8. Nxc6 $146 ({Predecessor:} 8. N2f3 O-O 9. e3 e5 10. Nxc6 bxc6 11. Qc2 Qe7 12. Be2 d5 13. O-O {0-1 (46) Benyeda,M (1332)-Csiki,E (1959) Hungary 2016}) 8... dxc6 9. e3 e5 10. Qc2 Qe7 11. Bd3 O-O 12. O-O Re8 13. Ne4 Nxe4 14. Bxe4 g6 15. c5 Be6 16. b4 f5 17. Bd3 Qf7 18. Qc3 Rad8 19. Bc2 Rd5 20. Rad1 Red8 21. Rxd5 Rxd5 $14 22. Bb3 Rd7 23. Rd1 Bxb3 24. Rxd7 Qxd7 25. Qxb3+ Kg7 26. Qc2 f4 27. Kf1 h5 28. exf4 exf4 29. Qc3+ Kh7 30. f3 Qf5 31. Qd4 Qb1+ 32. Kf2 Qc2+ 33. Kf1 Qc1+ 34. Kf2 Qc2+ 35. Kf1 1/2-1/2

[Event "IND-ch Women 2019"]
[Site "Karaikkudi"]
[Date "2019.07.20"]
[Round "3.2"]
[White "Kulkarni Bhakti"]
[Black "Saranya, J."]
[Result "1-0"]
[ECO "A65"]
[WhiteElo "2388"]
[BlackElo "2067"]
[Annotator "NA RC"]
[PlyCount "111"]
[EventDate "2019.07.19"]
[EventType "swiss"]
[EventCountry "IND"]
[SourceTitle "playchess.com"]
[Source "ChessBase"]
[SourceQuality "1"]
[TimeControl "40/5400+30:1800+30"]

1. d4 Nf6 2. c4 g6 3. Nc3 Bg7 4. e4 d6 5. Bd3 O-O 6. Nge2 c5 7. d5 e6 8. h3 exd5 9. cxd5 Re8 10. O-O Nbd7 11. Ng3 Qe7 $14 12. Re1 a6 13. a4 Qf8 14. Be3 h5 15. f4 h4 16. Nf1 Nh5 17. Qf3 Rb8 18. Qf2 Bf6 19. Be2 Ng7 20. Bg4 Bd8 21. e5 f5 22. exf6 Bxf6 23. Nd2 Nf5 24. Bxf5 gxf5 25. Nf3 Qh6 26. Bd2 Rd8 27. Ng5 Nf8 28. Re2 Bd7 29. Rae1 Re8 30. Rxe8 Rxe8 31. Rxe8 Bxe8 32. Qe1 Bf7 33. Nxf7 Kxf7 34. Qb1 Bd4+ 35. Kh1 Qf6 36. a5 Ng6 37. Qc2 Ne7 38. Qb3 Bxc3 39. Bxc3 Qh6 40. Qxb7 Qxf4 41. Qxa6 Nxd5 42. Qd3 Nc7 43. Bd2 Qe5 44. Qc4+ Ke8 45. Qa4+ Kd8 46. Qxh4+ Kc8 47. Bc3 Qe3 48. Qa4 d5 49. Qc2 f4 50. Bd2 Qe2 51. Qf5+ Qe6 52. Qxf4 Kb7 53. h4 Qe2 54. Qe3 Qd1+ 55. Kh2 d4 56. Qf3+ 1-0

[Event "IND-ch Women 2019"]
[Site "Karaikkudi"]
[Date "2019.07.20"]
[Round "3.3"]
[White "Kiran, Manisha Mohanty"]
[Black "Divya Deshmukh"]
[Result "1/2-1/2"]
[ECO "B94"]
[WhiteElo "2054"]
[BlackElo "2373"]
[Annotator "NA"]
[PlyCount "57"]
[EventDate "2019.07.19"]
[EventType "swiss"]
[EventCountry "IND"]
[SourceTitle "playchess.com"]
[Source "ChessBase"]
[SourceQuality "1"]
[TimeControl "40/5400+30:1800+30"]

1. e4 c5 2. Nf3 d6 3. d4 cxd4 4. Nxd4 Nf6 5. Nc3 a6 6. Bg5 Nbd7 7. Qe2 e6 8. O-O-O Qc7 9. Kb1 b5 10. a3 Be7 11. h4 Bb7 12. Rh3 O-O 13. g4 Rfe8 14. f4 $14 Rac8 15. h5 Qb6 16. Bg2 Rc4 17. Nb3 Rc7 18. Bh4 b4 19. axb4 Rec8 20. g5 Ne8 21. f5 Qxb4 22. fxe6 fxe6 23. Qg4 Nf8 24. Rf1 d5 25. Be1 Qc4 26. Na5 Qc5 27. Nb3 Qc4 28. Na5 Qc5 29. Nb3 1/2-1/2